AoeStats
← luis.landa.flores2

African Clearing

504943052Analyzed
4v4 RM · 27d ago on Sep 7, 2026· 56m 51s· 8 players
Game mode
Random Map
Map size
Large (8 player)
Population
200
Speed
Normal
Resources
Standard
Victory
Conquest
Starting age
Dark Age
Ending age
Imperial Age
RankedLock teamsTeams togetherTeam positionsShared explorationLock speedFull tech treeHidden civsTurbo modeCheats
Victory
Defeat
🇮🇳 Mongols · India
1096
+14
🇲🇽 Ethiopians · Mexico
1089
+28
🇲🇽 Mongols · Mexico
1077
+15
🇺🇸 Hindustanis · United States
1035
+16
🇦🇷 Poles · Argentina
1072
-16
🇻🇳 Franks · Vietnam
1060
-15
🇨🇳 Bohemians · China
1048
-15
🇦🇺 Italians · Australia
1005
-13
Hamsiuey
5:11 Loom
14:36 Feudal Age
16:10 Double-Bit Axe
17:46 Town Watch
18:35 Scale Barding Armor
18:42 Forging
18:40 Scale Barding Armor
19:05 Bloodlines
26:10 Wheelbarrow
25:27 Horse Collar
29:09 Castle Age
30:51 Bow Saw
30:43 Heavy Plow
33:32 Husbandry
33:58 Chain Barding Armor
34:13 Iron Casting
36:13 Gold Mining
39:15 Imperial Age
37:08 Hand Cart
36:53 Town Patrol
41:16 Conscription
40:58 Grand Trunk Road
41:37 Hoardings
42:51 Two-Man Saw
43:06 Blast Furnace
42:30 Heavy Camel Rider
44:39 Chemistry
44:00 Ballistics
44:10 Elite Skirmisher
44:56 Thumb Ring
44:53 Padded Archer Armor
44:44 Fletching
45:29 Plate Barding Armor
45:52 Imperial Camel Rider
51:36 Light Cavalry
ssindho
11:41 Loom
13:33 Feudal Age
17:55 Castle Age
17:47 Double-Bit Axe
24:00 Horse Collar
27:41 Bow Saw
28:09 Padded Archer Armor
28:00 Fletching
29:09 Fletching
31:08 Leather Archer Armor
31:52 Wheelbarrow
32:02 Husbandry
33:30 Hand Cart
34:10 Bodkin Arrow
37:50 Imperial Age
36:01 Ballistics
36:56 Masonry
36:55 Thumb Ring
39:08 Conscription
38:59 Bracer
40:55 Chemistry
40:42 Bloodlines
39:52 Light Cavalry
40:57 Hussar
42:46 Forging
42:41 Scale Barding Armor
44:35 Conscription
44:03 Elite Mangudai
45:58 Iron Casting
45:44 Chain Barding Armor
58:13 Blast Furnace
Radinge
7:16 Loom
12:51 Feudal Age
17:16 Bloodlines
22:10 Horse Collar
25:34 Castle Age
24:27 Double-Bit Axe
26:25 Light Cavalry
27:13 Scale Barding Armor
29:27 Heavy Plow
32:18 Forging
32:02 Gold Mining
34:43 Chain Barding Armor
34:59 Iron Casting
34:31 Husbandry
41:31 Imperial Age
39:40 Wheelbarrow
40:36 Gold Shaft Mining
41:19 Fletching
42:47 Conscription
42:25 Bodkin Arrow
42:04 Hussar
43:58 Chemistry
43:19 Ballistics
43:00 Elite Mangudai
44:00 Hand Cart
44:00 Capped Ram
45:07 Siege Ram
48:02 Masonry
47:58 Bracer
51:57 Heavy Camel Rider
53:43 Blast Furnace
57:16 Bow Saw
luis.landa.flores2
15:00 Loom
17:24 Feudal Age
21:40 Castle Age
21:16 Wheelbarrow
20:53 Double-Bit Axe
21:59 Fishing Lines
22:56 Stone Mining
22:59 Gold Mining
25:08 Gold Shaft Mining
25:12 Stone Shaft Mining
27:57 Gillnets
28:31 Bow Saw
28:20 Fletching
28:31 Padded Archer Armor
29:09 Hand Cart
32:20 Crossbowman
33:06 Thumb Ring
32:59 Bodkin Arrow
33:19 Leather Archer Armor
44:54 Imperial Age
43:24 Royal Heirs
46:44 Torsion Engines
46:07 Elite Shotel Warrior
47:04 Heavy Camel Rider
47:47 Husbandry
48:12 Scale Barding Armor
50:49 Chain Barding Armor
50:31 Bracer
51:01 Ring Archer Armor
52:46 Ring Archer Armor
52:18 Arbalester
56:52 Forging
56:42 Scale Mail Armor
57:11 Conscription
keadles
13:52 Feudal Age
19:36 Castle Age
18:21 Fletching
18:32 Padded Archer Armor
18:43 Double-Bit Axe
25:04 Pikeman
28:29 Thumb Ring
31:27 Bow Saw
31:08 Horse Collar
39:00 Imperial Age
37:38 Ballistics
37:55 Bodkin Arrow
38:16 Leather Archer Armor
40:19 Wheelbarrow
40:14 Leather Archer Armor
40:54 Conscription
42:45 Bracer
44:12 Chemistry
47:25 Elite Genoese Crossbowman
HwYe
7:02 Loom
14:34 Feudal Age
16:05 Double-Bit Axe
21:04 Castle Age
21:40 Pikeman
30:37 Forging
35:17 Town Watch
35:53 Scale Mail Armor
36:29 Squires
38:05 Horse Collar
39:15 Heavy Plow
42:00 Iron Casting
41:40 Chain Mail Armor
45:40 Imperial Age
43:46 Wheelbarrow
43:57 Bow Saw
44:08 Arson
45:20 Hand Cart
45:39 Town Patrol
45:50 Halberdier
46:13 Treadmill Crane
48:05 Conscription
47:51 Wagenburg Tactics
47:56 Siege Engineers
DPVN-Waan
8:15 Loom
15:18 Feudal Age
20:55 Gold Mining
23:07 Castle Age
24:13 Husbandry
25:49 Scale Barding Armor
27:08 Stone Mining
29:13 Forging
32:14 Double-Bit Axe
35:49 Imperial Age
34:40 Wheelbarrow
34:58 Masonry
35:40 Iron Casting
35:36 Squires
34:56 Pikeman
36:46 Cavalier
37:49 Bow Saw
40:14 Blast Furnace
39:45 Murder Holes
41:29 Paladin
42:11 Scale Mail Armor
45:19 Gold Shaft Mining
46:56 Chain Barding Armor
47:05 Conscription
50:31 Plate Barding Armor
52:09 Chivalry
51:38 Halberdier
52:35 Chain Mail Armor
52:59 Light Cavalry
54:41 Fletching
55:51 Plate Mail Armor
QuesoRuso
4:12 Loom
15:03 Feudal Age
19:41 Castle Age
17:44 Double-Bit Axe
19:13 Horse Collar
19:28 Gold Mining
21:41 Bow Saw
22:26 Horse Collar
23:53 Heavy Plow
29:51 Wheelbarrow
35:14 Imperial Age
34:08 Husbandry
34:19 Bloodlines
33:30 Light Cavalry
34:20 Szlachta Privileges
34:24 Light Cavalry
35:26 Cavalier
36:32 Conscription
37:21 Scale Barding Armor
37:27 Forging
36:55 Winged Hussar
38:08 Hand Cart
37:39 Town Watch
40:34 Chain Barding Armor
40:50 Iron Casting
41:56 Crop Rotation
41:18 Stone Mining
42:50 Blast Furnace
43:19 Padded Archer Armor
43:09 Fletching
43:02 Capped Ram
44:24 Siege Ram
46:24 Bodkin Arrow
46:45 Leather Archer Armor
48:20 Chemistry
47:57 Lechitic Legacy
Connection lost

Rejoining the realm…

Still unreachable

The connection could not be restored.

Session expired

The server has moved on; the page needs a fresh start.